 Dungeon Crawl Stone Soup version 0.32-a0-792-g3d70bf0 (webtiles) character file.

Game seed: 5139752356814696136

199 Dorkslayer the Chopper (level 5, 0/36 HPs)
             Began as an Octopode Fighter on Mar 20, 2024.
             Slain by a scorpion (4 damage)
             ... on level 4 of the Dungeon.
             The game lasted 00:04:44 (1795 turns).

Dorkslayer the Chopper (Octopode Fighter)           Turns: 1795, Time: 00:04:45

Health: 0/36       AC:  1    Str: 18    XL:     5   Next: 77%
Magic:  0/5        EV: 12    Int: 10    God:
Gold:   326        SH:  4    Dex: 11    Spells: 4/4 levels left

rFire   . . .        a - +2 war axe (elec)
rCold   . . .        b - +0 buckler
rNeg    . . .        (helmet restricted)
rPois   .            d - amulet of guardian spirit
rElec   .            (no ring)
rCorr   .            (no ring)
SInv    .            (no ring)
Will    .....        (no ring)
Stlth   +++          (no ring)
HPRegen 0.26/turn    (no ring)
MPRegen 0.09/turn    (no ring)
                     (no ring)

%: guardian spirit
@: lethally poisoned (0 -> -21)
A: almost no armour, amphibious, 8 rings, camouflage 1, gelatinous body 1,
(nimble swimmer 1), tentacles, tentacle spike 1, wild magic 1, noise suppression
a: no special abilities


You were on level 4 of the Dungeon.
You visited 1 branch of the dungeon, and saw 4 of its levels.

You collected 326 gold pieces.

Inventory:

Hand Weapons
 a - a +2 war axe of electrocution (weapon)
Missiles
 e - 3 boomerangs (quivered)
Armour
 b - a +0 buckler (worn)
Jewellery
 d - an amulet of guardian spirit (around mantle)
Talismans
 f - a blade talisman
Potions
 c - 2 potions of might
 h - a potion of brilliance {unknown}
 i - a potion of enlightenment {unknown}


   Skills:
 + Level 3.6 Fighting
 * Level 4.0 Axes
 * Level 4.0 Dodging
 + Level 2.4 Stealth
 + Level 3.2 Shields


You had 4 spell levels left.
You didn't know any spells.
Your spell library contained the following spells:

 Spells                   Type           Power      Damage    Failure   Level
 Lesser Beckoning         Tloc           0%         N/A       67%         2
 Gell's Gravitas          Tloc           0%         N/A       87%         3
 Teleport Other           Tloc           0%         N/A       87%         3


Dungeon Overview and Level Annotations

Branches:
Dungeon (4/15)
 Temple: D:4-7

Altars:
Ashenzari

Shops:
D:1 [


Innate Abilities, Weirdness & Mutations

You cannot wear most types of armour.
You are amphibious.
You can wear up to eight rings at the same time.
Your skin changes colour to match your surroundings (Stealth+).
Your rubbery body absorbs attacks. (AC +1, EV +1)
((You are camouflaged when in or above water. (Stealth+)))
You have tentacles for arms and can constrict up to eight enemies at once.
One of your tentacles bears a spike.
Your spells are a little harder to cast, but a little more powerful.
You passively dampen the noise of your surroundings.


Message History

The goblin shouts!
The endoplasm quivers.
You slash the endoplasm!
You kill the endoplasm!
You barely miss the goblin. Your grab misses the goblin. You hit the scorpion.
The scorpion stings you!
You are poisoned.
The scorpion poisons you! The goblin closely misses you.
The scorpion stings you but does no damage.
You barely miss the scorpion. Your grab misses the scorpion.
The scorpion is lightly wounded.
You hit the goblin. You closely miss the giant cockroach.
You feel very sick. The goblin closely misses you.
The giant cockroach bites you but does no damage.
The scorpion stings you.
You are more poisoned.
The scorpion poisons you!
The goblin hits you with a +1 dagger of venom.
You are more poisoned.
You barely miss the scorpion. You grab the scorpion.
The scorpion is lightly wounded.
You closely miss the goblin. You hit the giant cockroach.
Lightning courses through the giant cockroach!
You kill the giant cockroach!
You constrict the scorpion.
You feel extremely sick. The scorpion closely misses you.
The scorpion stings you.
* * * LOW HITPOINT WARNING * * *
The goblin closely misses you.
Your Dodging skill increases to level 4!
It was a potion of mutation.
You feel extremely strange.
You feel your surroundings grow quieter.
You feel less in control of your magic.
One of your lower tentacles grows a sharp spike.
You constrict the scorpion.
* * * LOW HITPOINT WARNING * * *
You feel very sick. The scorpion stings you.
You die...

.# ##.####
....... ##...#
#<.).# #...##
#.######...#
.#.........####
#.....g@.......#
#.....†s........
#..........##.##
#..........# ##
#..........#
#.........##
#.........#
#........##


You could see a scorpion and a goblin.

Vanquished Creatures
  An ogre (D:3)
  An orc priest (D:3)
  An adder (D:3)
  3 dart slugs (D:1)
  2 ribbon worms
  5 orcs (D:3)
  5 ball pythons
  3 bats (D:1)
  5 endoplasms
  3 giant cockroaches
  4 goblins
  8 hobgoblins
  7 kobolds
  4 frilled lizards
  7 rats
59 creatures vanquished.

Notes
Turn   | Place    | Note
-------+----------+-------------------------------------------
     0 | D:1      | Dorkslayer the Octopode Fighter began the quest for the
                  | Orb.
     0 | D:1      | Reached XP level 1. HP: 16/16 MP: 1/1
   101 | D:1      | Found Jabenkoj's Armour Shoppe.
   151 | D:1      | Reached XP level 2. HP: 21/21 MP: 2/2
   370 | D:1      | Reached XP level 3. HP: 24/26 MP: 3/3
  1327 | D:3      | Found a broken altar of Ashenzari.
  1388 | D:3      | Noticed an ogre
  1393 | D:3      | Killed an ogre
  1394 | D:3      | Reached XP level 4. HP: 31/31 MP: 4/4
  1394 | D:3      | Reached XP level 5. HP: 36/36 MP: 5/5
  1795 | D:4      | Gained mutation: You passively dampen the noise of your
                  | surroundings. [potion of mutation]
  1795 | D:4      | Gained mutation: Your spells are a little harder to cast,
                  | but a little more powerful. [potion of mutation]
  1795 | D:4      | Gained mutation: One of your tentacles bears a spike.
                  | [potion of mutation]
  1795 | D:4      | Slain by a scorpion

Illustrated notes

Levels and vault maps discovered:
D:1:      ncdulo_watergridlock, layout_basic, serial_shops, nicolae_square_shop,
          minmay_tall_x
D:2:      layout_basic
D:3:      layout_rooms, mainiacjoe_overflow_alcove_1
D:4:      minmay_evil_eye, layout_loops_ring, gammafunk_temple_overflow_pools,
          minmay_temple_entry_overgrown, uniq_grinder, uniq_eustachio

Skill      XL: |  1  2  3  4  5 |
---------------+----------------+-----
Axes           | 3 4 |  4.0
Stealth        | 2 |  2.4
Dodging        | 4 |  4.0
Fighting       | |  3.6
Shields        | |  3.2

Action                     |  1- 3 |  4- 6 || total
---------------------------+-------+-------++-------
  Melee: War axe           |    49 |    37 ||    86
         Constrict         |    17 |    12 ||    29
         Tentacles         |    11 |     7 ||    18
    Use: Scroll            |     5 |       ||     5
         Potion            |       |     1 ||     1
   Stab: Sleeping          |     6 |     1 ||     7
         Distracted        |     1 |       ||     1
 Armour: Skin              |    21 |    17 ||    38
  Dodge: Dodged            |    16 |    15 ||    31
  Block: Buckler           |     3 |    10 ||    13

Table legend: (Time is in decaauts)
 A = Elapsed time spent in this place.
 B = Non-inter-level travel time spent in this place.
 C = Inter-level travel time spent in this place.
 D = Time resting spent in this place.
 E = Time spent auto-exploring this place.
 F = Levels seen in this place.
 G = Mean time per level.
                   A        B        C        D        E       F      G
               +--------+--------+--------+--------+--------+-----+--------+
         Total |   1829 |   1779 |     50 |      0 |    991 |   4 |  457.2 |
       Dungeon |   1829 |   1779 |     50 |      0 |    991 |   4 |  457.2 |
               +--------+--------+--------+--------+--------+-----+--------+

Top non-repeatable levels by time:
     D:1: 675 daAuts
     D:2: 668 daAuts
     D:3: 475 daAuts
     D:4: 10 daAuts
